 Dungeon Crawl Stone Soup version 0.27.1-2-g3b301248ec (webtiles) character file.

Game seed: 6780027800726794692

56 pkoi the Slasher (level 3, -15/33 HPs)
             Began as a Minotaur Monk on Sept 28, 2021.
             Demolished by Crazy Yiuf (17 damage)
             ... on level 2 of the Dungeon.
             The game lasted 00:02:03 (1517 turns).

pkoi the Slasher (Minotaur Monk)                    Turns: 1517, Time: 00:02:04

Health: -15/33     AC:  2    Str: 16    XL:     3   Next: 69%
Magic:  2/2        EV: 12    Int:  7    God:
Gold:   144        SH:  0    Dex: 12    Spells: 2/2 levels left

rFire    . . .     SeeInvis .   a - +0 falchion
rCold    . . .     Faith    .   (no shield)
rNeg     . . .     Spirit   .   b - +0 robe
rPois    .         Reflect  .   (helmet restricted)
rElec    .         Harm     .   (no cloak)
rCorr    .         Rampage  .   (no gloves)
Will     .....                  (no boots)
Stlth    ++........             (no amulet)
HPRegen  0.11/turn              (no ring)
MPRegen  0.08/turn              (no ring)

@: no status effects
A: horns 2, retaliatory headbutt
a: no special abilities


You were on level 2 of the Dungeon.
You visited 1 branch of the dungeon, and saw 2 of its levels.

You collected 144 gold pieces.

Inventory:

Hand Weapons
 a - a +0 falchion (weapon)
Missiles
 e - 8 boomerangs (quivered)
Armour
 b - a +0 robe (worn)
Scrolls
 g - a scroll of identify {unknown}
 h - a scroll of acquirement {unknown}
Potions
 c - a potion of attraction {unknown}
 d - 2 potions of degeneration {unknown}
 f - a potion of mutation {unknown}


   Skills:
 + Level 4.0 Fighting
 + Level 4.9 Long Blades
 + Level 1.2 Armour
 - Level 3.2 Dodging
 + Level 2.0 Stealth


You had 2 spell levels left.
You didn't know any spells.
Your spell library was empty.

Dungeon Overview and Level Annotations

Branches:
Dungeon (2/15)

Altars:

Annotations:
D:2 Crazy Yiuf


Innate Abilities, Weirdness & Mutations

You have a pair of horns on your head.
You reflexively headbutt those who attack you in melee.


Message History

You are frozen.
You are too injured to fight recklessly!
You are too injured to fight recklessly!
You are too injured to fight recklessly!
You are too injured to fight recklessly!
You are too injured to fight recklessly!
You are too injured to fight recklessly!
You are too injured to fight recklessly!
You are too injured to fight recklessly!
You are too injured to fight recklessly!
You are too injured to fight recklessly!
You are too injured to fight recklessly!
You hit the endoplasm.
You kill the endoplasm!
You start resting.
HP restored.
d - 2 metallic black potions (gained 1)
There is a stone staircase leading up here.
h - a scroll labelled XIG LEUB XOUN
Found a mace.
Found a glowing mace and a mace.
You see here a +0 mace.
Found a mace.
Found a runed translucent door.
You open the door.
Crazy Yiuf shouts!
There is an open translucent door here.
Crazy Yiuf hits you with a +2 quarterstaff of chaos!
Crazy Yiuf freezes you.
You hit Crazy Yiuf but do no damage.
Crazy Yiuf hits you with a +2 quarterstaff of chaos!
* * * LOW HITPOINT WARNING * * *
Crazy Yiuf burns you.
* * * LOW HITPOINT WARNING * * *
You barely miss Crazy Yiuf. Your headbutt misses Crazy Yiuf.
Crazy Yiuf says, "Action disdain Xom!"
Crazy Yiuf hits you with a +2 quarterstaff of chaos!
* * * LOW HITPOINT WARNING * * *
You are electrocuted!
Ouch! That really hurt!
You die...

.......# #......# .#.#
##.....##.#. .#.....#...#
.#.....#...# ##.....#...#
♣♣♣♣♣## #.....##...#
#####♣♣♣.♣.P.### ......##...#
#...#♣..♣..)..)##
.#.........#
#.g@'.♣♣♣♣P.)...#
##..#......# #)..#♣♣ ♣♣..#..#
##.....#<### ##### ♣♣##..#
<..........# #.##
##.##.###### #.# ##.....#
############# #.#
#..##...##.....#.....## ##.#
...##.#...............####..#
..#...##.............<.....##


You could see Crazy Yiuf.

Vanquished Creatures
  2 adders
  A dart slug (D:1)
  2 bats
  2 endoplasms (D:2)
  A giant cockroach (D:1)
  4 goblins (D:1)
  4 hobgoblins
  3 quokkas (D:1)
  3 ball pythons
  3 frilled lizards
  5 kobolds
  5 rats (D:1)
35 creatures vanquished.

Notes
Turn   | Place    | Note
-------+----------+-------------------------------------------
     0 | D:1      | pkoi the Minotaur Monk began the quest for the Orb.
     0 | D:1      | Reached XP level 1. HP: 19/19 MP: 0/0
   333 | D:1      | Reached XP level 2. HP: 26/26 MP: 1/1
  1126 | D:2      | Reached XP level 3. HP: 20/33 MP: 2/2
  1355 | D:2      | Reached skill level 1 in Armour
  1509 | D:2      | Found a runed translucent door.
  1510 | D:2      | Noticed Crazy Yiuf
  1517 | D:2      | Demolished by Crazy Yiuf

Illustrated notes

Levels and vault maps discovered:
D:1:      nicolae_arrival_memento_mori, layout_loops_corners,
          supply_closet_lemuel, minmay_misc_feat_cross, minmay_pentomino_p2
D:2:      layout_rooms, hellmonk_ecumenical_altar_heavens_door,
          minmay_close_crescents, uniq_crazy_yiuf_cottage

Skill      XL: |  1  2  3 |
---------------+----------+-----
Long Blades    | 4 |  4.9
Armour         | 1 |  1.2
Fighting       | 4 |  4.0
Stealth        | 2 |  2.0
Dodging        | |  3.2

Action                   || total
-------------------------++-------
Melee: Falchion          ||    65
       Headbutt          ||    12
 Stab: Sleeping          ||     3
Armor: Robe              ||     7
Dodge: Dodged            ||    56
       Rpst.: Falchion   ||    11
